 Dungeon Crawl Stone Soup version 0.30-a0-219-gf2db51d15e (webtiles) character file.

Game seed: 17608631950274538067

1145 freelancePsychic the Cudgeller (level 8, 0/51 HPs)
             Began as a Gargoyle Reaver on Oct 7, 2022.
             Slain by a red ugly thing (18 damage)
             ... on level 8 of the Dungeon.
             The game lasted 00:10:17 (3960 turns).

freelancePsychic the Cudgeller (Gargoyle Reaver)    Turns: 3960, Time: 00:10:17

Health: 0/51       AC: 16    Str: 16    XL:     8   Next: 37%
Magic:  11/11      EV: 11    Int: 22    God:
Gold:   262        SH:  0    Dex:  8    Spells: 8/11 levels left

rFire   . . .      SeeInvis .    f - +6 flail (venom)
rCold   . . .      Faith    .    (no shield)
rNeg    + . .      Spirit   .    b - +0 leather armour
rPois   ∞          Reflect  .    (no helmet)
rElec   +          Harm     .    (no cloak)
rCorr   .          Rampage  .    z - +0 pair of gloves
Will    .....                    s - +2 pair of boots
Stlth   +.........               (no amulet)
HPRegen 0.28/turn                h - +4 ring of protection
MPRegen 0.12/turn                m - +6 ring of intelligence

@: no status effects
A: sickness immunity, AC +5, negative energy resistance 1, electricity
resistance, torment resistance 1, petrification resistance
a: no special abilities


You were on level 8 of the Dungeon.
You visited 1 branch of the dungeon, and saw 6 of its levels.

You collected 262 gold pieces.

Inventory:

Hand Weapons
 a - a +0 trident
 c - a +0 spear
 f - a +6 flail of venom (weapon)
Armour
 b - a +0 leather armour (worn)
 s - a +2 pair of boots (worn)
 y - a +0 cloak
 z - a +0 pair of gloves (worn)
Magical Staves
 o - a staff of death
Jewellery
 h - a +4 ring of protection (left hand)
 k - the ring "Liuto" {Wiz *Corrode rElec rPois rN++}
   (You found it on level 2 of the Dungeon)

   [ring of wizardry]

   It improves your spell success rate.
   rElec:     It insulates you from electricity.
   rPois:     It protects you from poison.
   rN:        It greatly protects you from negative energy.
   *Corrode:  It may corrode you when you take damage.
 m - a +6 ring of intelligence (right hand)
 x - a ring of see invisible
Wands
 u - a wand of roots (11)
Scrolls
 g - 2 scrolls of identify {@r1}
 i - a scroll of teleportation {@r4}
 l - 2 scrolls of vulnerability
 A - a scroll of blinking {unknown}
Potions
 e - 2 potions of brilliance
 j - a potion of flight {unknown}
 n - a potion of might {unknown}
 q - a potion of magic {unknown}
 r - a potion of heal wounds {unknown}
 t - 5 potions of curing {unknown}
 v - 2 potions of invisibility {unknown}
 w - 2 potions of attraction {unknown}


   Skills:
 + Level 6.0 Fighting
 - Level 6.5 Maces & Flails
 - Level 2.9 Polearms
 - Level 1.5 Dodging
 - Level 2.0 Spellcasting
 - Level 4.5 Conjurations
 - Level 2.1 Translocations
 + Level 2.0 Earth Magic


You had 8 spell levels left.
You knew the following spells:

 Your Spells              Type           Power      Damage    Failure   Level
a - Kiss of Death         Conj/Necr      48%        2d9       7%          1
b - Momentum Strike       Conj/Tloc      32%        3d8       6%          2

Your spell library contained the following spells:

 Spells                   Type           Power      Damage    Failure   Level
 Hailstorm                Conj/Ice       12%        3d5       21%         3
 Kindle Blastsparks       Fire/Tloc/Air  10%        2d10      36%         3
 Iskenderun's Mystic Bla  Conj/Tloc      16%        2d5       38%         4
 Fulminant Prism          Conj/Hex       6%         3d7       54%         4
 Passage of Golubria      Tloc           11%        N/A       56%         4
 Lee's Rapid Deconstruct  Erth           5%         3d7*      90%         5
 Silence                  Hex/Air        1%         N/A       99%         5
 Lehudib's Crystal Spear  Conj/Erth      8%         10d3      100%        8


Dungeon Overview and Level Annotations

Branches:
Dungeon (5/15)
 Temple: D:4-7

Altars:
Hepliaklqana

Shops:
D:4 (   D:5 *


Innate Abilities, Weirdness & Mutations

You are immune to sickness and miasma.
Your stone body is resilient. (AC +5)
You are immune to poison.
You resist negative energy. (rN+)
You are resistant to electric shocks. (rElec)
You are resistant to unholy torment.
You are immune to petrification.


Message History

Your butterfly is engulfed in poison gas.
Your butterfly is poisoned.
You kill your butterfly!
Your butterfly disappears in a burst of colours!
Your butterfly is engulfed in poison gas.
Your butterfly looks even sicker.
You kill your butterfly!
Your butterfly disappears in a burst of colours!
Your butterfly is engulfed in poison gas.
Your butterfly looks even sicker.
You kill your butterfly!
Your butterfly disappears in a burst of colours!
Your butterfly is engulfed in poison gas.
Your butterfly looks even sicker.
You kill your butterfly!
Your butterfly disappears in a burst of colours!
Your butterfly is engulfed in poison gas.
Your butterfly is poisoned.
You kill your butterfly!
Your butterfly disappears in a burst of colours!
Your butterfly looks even sicker.
Your butterfly is engulfed in poison gas.
Your butterfly is poisoned.
You kill your butterfly!
Your butterfly disappears in a burst of colours!
Your butterfly is engulfed in poison gas.
Your butterfly looks even sicker.
You kill your butterfly!
Your butterfly disappears in a burst of colours!
Okay, then.
The red ugly thing attacks as you move away!
The red ugly thing completely misses you.
You kill your butterfly!
Your butterfly disappears in a burst of colours!
The red ugly thing is engulfed in poison gas.
The red ugly thing looks as sick as possible!
The red ugly thing looks as sick as possible!
The red ugly thing attacks as you move away!
The red ugly thing tail-slaps you!
You are engulfed in flames!!
You die...

##.....### ##V........####
###.....####.#####.☼.☼....
##......#..# ##☼..§.☼###
###......## #§§.☼.>...#
##....## ##.#.#o#.#.#
###.V# ##§☼○.☼§...(.
##...###§§§#.#.#.#o#
######..#..#§§u☼§.○o.....
###..##..###☼§○§@§#.#.#.#.
##........##§☼#§§§○......
#.........###§☼#§§#<#.#.#
..........# ##○§#○§......
..........# ##.###.#.#.#
.........## #?. ##....
.V.......# ##$. ##
.........# #.# $)......##


You could see a red ugly thing (extremely poisoned), an orc warrior and an orc.

Vanquished Creatures
  Sigmund (D:4)
  Edmund (D:4)
  An orc warrior (D:8)
  An ogre (D:4)
  A phantom (D:4)
  Blork the orc (D:5)
  A bullfrog (D:8)
  A scorpion (D:5)
  3 orc priests
  2 hounds
  Jessica (D:2)
  Terence (D:2)
  2 orc wizards
  8 gnolls
  7 adders
  2 shadow imps (D:8)
  A white imp (D:5)
  2 worms (D:2)
  5 dart slugs
  27 orcs
  5 ball pythons
  5 endoplasms
  5 giant cockroaches
  4 goblins
  7 jackals
  2 quokkas (D:3)
  4 bats
  4 frilled lizards
  5 kobolds
  7 rats
117 creatures vanquished.

Vanquished Creatures (others)
  2 endoplasms
  A hobgoblin (D:2)
  A kobold (D:2)
  A frilled lizard (D:2)
  2 goblins
7 creatures vanquished.

Grand Total: 124 creatures vanquished

Notes
Turn   | Place    | Note
-------+----------+-------------------------------------------
     0 | D:1      | freelancePsychic the Gargoyle Reaver began the quest for
                  | the Orb.
     0 | D:1      | Reached XP level 1. HP: 12/12 MP: 3/3
   199 | D:1      | Reached XP level 2. HP: 18/18 MP: 5/5
   388 | D:1      | Learned a level 2 spell: Momentum Strike
   527 | D:1      | Found a faded altar of an unknown god.
  1150 | D:2      | Identified the ring "Liuto" {Wiz *Corrode rElec rPois rN++}
  1172 | D:2      | Noticed Terence
  1231 | D:2      | Reached skill level 1 in Translocations
  1231 | D:2      | Reached XP level 3. HP: 22/22 MP: 6/6
  1231 | D:2      | Noticed Jessica
  1236 | D:2      | Killed Jessica
  1265 | D:2      | Reached XP level 4. HP: 27/27 MP: 7/7
  1328 | D:2      | Killed Terence
  1710 | D:2      | Reached skill level 1 in Maces & Flails
  1712 | D:2      | Reached XP level 5. HP: 28/30 MP: 6/8
  2069 | D:2      | Reached XP level 6. HP: 37/37 MP: 9/9
  2751 | D:4      | Found Apehao's Weapon Shoppe.
  2755 | D:4      | Noticed Sigmund
  2779 | D:4      | Killed Sigmund
  2780 | D:4      | Reached XP level 7. HP: 36/43 MP: 10/10
  2797 | D:4      | Noticed Edmund
  2811 | D:4      | Killed Edmund
  2863 | D:4      | Reached skill level 5 in Maces & Flails
  3173 | D:4      | Reached skill level 5 in Fighting
  3413 | D:5      | Entered Level 5 of the Dungeon
  3460 | D:5      | Found Kesouth's General Store.
  3471 | D:5      | Noticed Blork the orc
  3479 | D:5      | Killed Blork the orc
  3480 | D:5      | Reached XP level 8. HP: 47/49 MP: 8/11
  3701 | D:5      | You fall into a shaft and drop 3 floors!
  3749 | D:8      | Noticed a vampire
  3806 | D:8      | Found a hazy altar of Hepliaklqana.
  3828 | D:8      | Reached skill level 1 in Earth Magic
  3948 | D:8      | Noticed a red ugly thing
  3960 | D:8      | Slain by a red ugly thing

Illustrated notes

Levels and vault maps discovered:
D:1:      ncdulo_wetmaze, layout_basic, shapermc_ecumenical_altar_petra,
          minmay_pentomino_t4
D:2:      layout_basic, glass_columns_a, uniq_jessica, uniq_terence
D:3:      layout_rooms
D:4:      layout_basic, serial_shops, nicolae_shop_waterfront, uniq_edmund,
          uniq_sigmund
D:5:      layout_gridville, serial_shops, nicolae_shop_trees,
          nicolae_underground_beach, uniq_blork_the_orc
D:8:      layout_cave_pods, nicolae_hepliaklqana_hazy_memory,
          erik_lair_orcish_takeover, serial_shops, nicolae_square_shop,
          st_stairs_9

Skill      XL: |  1  2  3  4  5  6  7  8 |
---------------+-------------------------+-----
Translocations | 1 2 |  2.1
Conjurations   | 4 |  4.5
Maces & Flails | 1 2 4 6 |  6.5
Fighting       | 3 4 5 6 |  6.0
Earth Magic    | 2 |  2.0
Polearms       | |  2.9
Dodging        | |  1.5
Spellcasting   | |  2.0

Action                   |  1- 3 |  4- 6 |  7- 9 || total
-------------------------+-------+-------+-------++-------
Melee: Spear             |    22 |       |       ||    22
       Trident           |    69 |    39 |       ||   108
       Flail             |       |   115 |   110 ||   225
       Punch             |       |     3 |       ||     3
 Cast: Momentum Strike   |     4 |    10 |     3 ||    17
       Kiss of Death     |       |     2 |     1 ||     3
  Use: Potion            |       |     1 |     1 ||     2
       Scroll            |       |     4 |     4 ||     8
Armor: Leather armour    |    41 |    83 |    81 ||   205
Dodge: Dodged            |    36 |   105 |    59 ||   200

Table legend: (Time is in decaauts)
 A = Elapsed time spent in this place.
 B = Non-inter-level travel time spent in this place.
 C = Inter-level travel time spent in this place.
 D = Time resting spent in this place.
 E = Time spent auto-exploring this place.
 F = Levels seen in this place.
 G = Mean time per level.
                   A        B        C        D        E       F      G
               +--------+--------+--------+--------+--------+-----+--------+
         Total |   4006 |   3727 |    279 |    123 |   2634 |   6 |  667.7 |
       Dungeon |   4006 |   3727 |    279 |    123 |   2634 |   6 |  667.7 |
               +--------+--------+--------+--------+--------+-----+--------+

Top non-repeatable levels by time:
     D:1: 1210 daAuts
     D:2: 792 daAuts
     D:4: 740 daAuts
     D:3: 712 daAuts
     D:5: 290 daAuts
     D:8: 260 daAuts
